 Dungeon Crawl Stone Soup version 0.31-a0-988-g08d55dae12 (webtiles) character file.

Game seed: 4998558632248616630

375 fasse2k the Poker (level 7, -16/56 HPs)
             Began as a Formicid Fighter on Nov 4, 2023.
             Demolished by an ogre
             ... wielding a +0 giant spiked club
              (29 damage)
             ... on level 4 of the Dungeon.
             The game lasted 00:03:26 (3263 turns).

fasse2k the Poker (Formicid Fighter)                Turns: 3263, Time: 00:03:26

Health: -16/56     AC: 14    Str: 25    XL:     7   Next: 3%
Magic:  0/0        EV:  6    Int:  8    God:
Gold:   146        SH:  5    Dex: 13    Spells: 6/6 levels left

rFire   . . .        a - +0 trident
rCold   . . .        c - +0 buckler
rNeg    . . .        k - +2 plate armour of Xatuir {+Inv MP-9 Str+3}
rPois   .            (helmet unavailable)
rElec   .            m - +0 cloak
rCorr   .            (no gloves)
SInv    +            (no boots)
Will    .....        (no amulet) Stlth
                     (no ring)
HPRegen 0.29/turn    (no ring)
MPRegen 0.07/turn

%: no passive effects
@: no status effects
A: permanent stasis, dig shafts and tunnels, antennae 3, four strong arms
a: Dig, Shaft Self, Evoke Invisibility


You were on level 4 of the Dungeon.
You visited 1 branch of the dungeon, and saw 4 of its levels.

You collected 146 gold pieces.

Inventory:

Hand Weapons
 a - a +0 trident (weapon)
Missiles
 q - a throwing net
Armour
 b - a +0 scale mail
 c - a +0 buckler (worn)
 k - the +2 plate armour of Xatuir (worn) {+Inv MP-9 Str+3}
   (You found it on level 2 of the Dungeon)

   Str+3:     It affects your strength (+3).
   MP-9:      It affects your magic capacity (-9).
   +Inv:      It lets you turn invisible.
 m - a +0 cloak (worn)
Scrolls
 f - a scroll of enchant armour {unknown}
 g - a scroll of teleportation {unknown}
 h - a scroll of vulnerability {unknown}
 i - 3 scrolls of fear
 j - a scroll of blinking {unknown}
 l - a scroll of immolation {unknown}
 n - a scroll of amnesia {unknown}
 p - a scroll of revelation {unknown}
 t - a scroll of identify {unknown}
Potions
 d - a potion of might
 e - 2 potions of mutation {unknown}
 o - a potion of magic {unknown}
 r - 2 potions of haste {unknown}
 s - 2 potions of enlightenment {unknown}


   Skills:
 + Level 5.3 Fighting
 * Level 5.7 Polearms
 - Level 3.2 Armour
 - Level 4.0 Shields


You had 6 spell levels left.
You didn't know any spells.
Your spell library contained the following spells:

 Spells                   Type           Power      Damage    Failure   Level
 Summon Small Mammal      Summ           0%         N/A       100%        1
 Call Canine Familiar     Summ           0%         N/A       100%        3
 Summon Guardian Golem    Hex/Summ       0%         N/A       100%        3


Dungeon Overview and Level Annotations

Branches:
Dungeon (4/15)
 Temple: D:4-7

Altars:
Hepliaklqana


Innate Abilities, Weirdness & Mutations

You cannot be hasted, slowed, berserked, paralysed or teleported.
You can dig through walls and to a lower floor.
You have a pair of large antennae on your head. (SInv)
Your four strong arms can wield two-handed weapons with a shield.


Message History

An ogre is nearby!
You hit the ogre.
The ogre is lightly wounded.
The ogre hits you with a +0 giant spiked club.
An ogre is nearby!
You hit the ogre.
The ogre is moderately wounded.
The ogre barely misses you.
You hit the ogre.
The ogre is heavily wounded.
The ogre hits you with a +0 giant spiked club!!
Ouch! That really hurt!
You are too injured to fight recklessly!
You are too injured to fight recklessly!
You are too injured to fight recklessly!
You are too injured to fight recklessly!
You are too injured to fight recklessly!
You are too injured to fight recklessly!
You are too injured to fight recklessly!
You are too injured to fight recklessly!
You are too injured to fight recklessly!
You are too injured to fight recklessly!
You are too injured to fight recklessly!
You are too injured to fight recklessly!
You are too injured to fight recklessly!
You are too injured to fight recklessly!
You are too injured to fight recklessly!
You are too injured to fight recklessly!
You are too injured to fight recklessly!
You puncture the ogre!
The ogre is severely wounded.
You hit the ogre.
The ogre is almost dead.
The ogre hits you with a +0 giant spiked club!
* * * LOW HITPOINT WARNING * * *
You hit the ogre.
The ogre is almost dead.
The ogre hits you with a +0 giant spiked club!!
Ouch! That really hurt!
You die...

.#######.########.
#.......# #...##
#.##..... ###.#.##
#.######. #.##.#.## #.#
#. #.##.#.## #.# #.
.#.##.#.## #.# #†
#.#.##.#.## #.# #.
###.#O##.#.## #.######.
##.##.#@##.#)###[.......
##.#.##.#.##.#.########..
##.#.#.##.#?##.#.## #..
##.#...#.##.#.##.#.## #..
#.#.##...|##.#.##.#.# +..
#.#.##.#...#.##†#.## #..
##.#.##.#.#.##.#.## #..
##.#.##.#.##.#.## #..
##)#.##.##.#.## #..


You could see an ogre.

Vanquished Creatures
  A bullfrog (D:4)
  A howler monkey (D:4)
  An orc priest (D:3)
  Natasha (thrice) (D:2)
  2 orc wizards (D:3)
  3 gnolls
  2 worms
  11 orcs
  6 endoplasms
  4 giant cockroaches
  7 goblins
  7 hobgoblins
  3 quokkas
  4 ball pythons
  7 bats
  4 frilled lizards
  7 kobolds
  6 rats
79 creatures vanquished.

Notes
Turn   | Place    | Note
-------+----------+-------------------------------------------
     0 | D:1      | fasse2k the Formicid Fighter began the quest for the Orb.
     0 | D:1      | Reached XP level 1. HP: 18/18 MP: 1/1
   181 | D:1      | Reached XP level 2. HP: 23/24 MP: 2/2
   595 | D:1      | Found a faded altar of an unknown god.
   639 | D:1      | Reached XP level 3. HP: 30/30 MP: 3/3
  1210 | D:2      | Noticed Natasha
  1216 | D:2      | Killed Natasha
  1217 | D:2      | Reached XP level 4. HP: 30/37 MP: 4/4
  1256 | D:2      | Noticed Natasha
  1264 | D:2      | Killed Natasha
  1330 | D:2      | Noticed Natasha
  1335 | D:2      | Killed Natasha
  1336 | D:2      | Reached XP level 5. HP: 43/43 MP: 5/5
  1766 | D:2      | Identified the +2 plate armour of Xatuir {+Inv MP-9 Str+3}
  2155 | D:3      | Found a hazy altar of Hepliaklqana.
  2456 | D:4      | HP: 2/43 [poisoned by a gnoll]
  2503 | D:4      | Noticed a bullfrog
  2513 | D:4      | Killed a bullfrog
  2514 | D:4      | Reached skill level 5 in Fighting
  2514 | D:4      | Reached skill level 5 in Polearms
  2514 | D:4      | Reached XP level 6. HP: 7/51 MP: 0/6
  3157 | D:4      | Reached XP level 7. HP: 56/56 MP: 0/7
  3263 | D:4      | Demolished by an ogre

Illustrated notes

Levels and vault maps discovered:
D:1:      dpeg_arrival_signposts, layout_loops_corners,
          shapermc_ecumenical_altar_mp_highgroup, nicolae_houndstooth_variations
D:2:      layout_basic, uniq_natasha
D:3:      layout_rooms, mainiacjoe_overflow_cross_hatched
D:4:      minmay_inner_zag, layout_basic

Skill      XL: |  1  2  3  4  5 |
---------------+----------------+-----
Polearms       | 3 4 5 |  5.7
Fighting       | 4 5 |  5.3
Armour         | |  3.2
Shields        | |  4.0

Action                     |  1- 3 |  4- 6 |  7- 9 || total
---------------------------+-------+-------+-------++-------
  Melee: Trident           |    72 |   158 |    30 ||   260
    Use: Scroll            |     1 |       |       ||     1
   Stab: Distracted        |       |       |     1 ||     1
 Armour: Scale mail        |    26 |    12 |       ||    38
         Plate armour      |       |    99 |    13 ||   112
  Dodge: Dodged            |    17 |    38 |     4 ||    59
  Block: Buckler           |    15 |    29 |     4 ||    48

Table legend: (Time is in decaauts)
 A = Elapsed time spent in this place.
 B = Non-inter-level travel time spent in this place.
 C = Inter-level travel time spent in this place.
 D = Time resting spent in this place.
 E = Time spent auto-exploring this place.
 F = Levels seen in this place.
 G = Mean time per level.
                   A        B        C        D        E       F      G
               +--------+--------+--------+--------+--------+-----+--------+
         Total |   3294 |   3170 |    124 |     61 |   2449 |   4 |  823.5 |
       Dungeon |   3294 |   3170 |    124 |     61 |   2449 |   4 |  823.5 |
               +--------+--------+--------+--------+--------+-----+--------+

Top non-repeatable levels by time:
     D:1: 1110 daAuts
     D:2: 992 daAuts
     D:4: 717 daAuts
     D:3: 473 daAuts
